 Dungeon Crawl Stone Soup version 0.29-a0-414-g5075937ec3 (webtiles) character file.

Game seed: 4353973943985208919

190 marklar909 the Skirmisher (level 5, -1/44 HPs)
             Began as a Palentonga Fighter on May 15, 2022.
             Slain by an ogre
             ... wielding a +0 giant spiked club
              (31 damage)
             ... on level 4 of the Dungeon.
             The game lasted 00:04:27 (4564 turns).

marklar909 the Skirmisher (Palentonga Fighter)      Turns: 4564, Time: 00:04:27

Health: -1/44      AC: 10    Str: 19    XL:     5   Next: 41%
Magic:  5/5        EV:  7    Int:  9    God:
Gold:   219        SH:  5    Dex: 11    Spells: 4/4 levels left

rFire   + . .      SeeInvis +   a - +0 flail
rCold   . . .      Faith    .   c - +1 buckler
rNeg    + . .      Spirit   .   b - +0 scale mail
rPois   .          Reflect  .   u - +2 helmet of Theory {rF+ rN+ Will- rCorr}
rElec   .          Harm     .   (no cloak)
rCorr   +          Rampage  .   (no gloves)
Will    .....                   (no barding)
Stlth   ..........              (no amulet)
HPRegen 0.14/turn               (no ring)
MPRegen 0.09/turn               (no ring)

@: no status effects
A: large, rugged brown scales 3, see invisible, deformed body, roll 1, armoured
tail
a: Rolling Charge


You were on level 4 of the Dungeon.
You visited 1 branch of the dungeon, and saw 4 of its levels.

You collected 219 gold pieces.

Inventory:

Hand Weapons
 a - a +0 flail (weapon)
Armour
 b - a +0 scale mail (worn)
 c - a +1 buckler (worn)
 t - a +0 hat
 u - the +2 helmet of Theory (worn) {rF+ rN+ Will- rCorr}
   (You took it off Robin on level 4 of the Dungeon)

   rF:        It protects you from fire.
   rN:        It protects you from negative energy.
   rCorr:     It protects you from acid and corrosion.
   Will:      It decreases your willpower.
Jewellery
 k - a ring of positive energy
 q - an amulet of reflection
Scrolls
 e - a scroll of vulnerability {unknown}
 f - 2 scrolls of poison {unknown}
 g - 3 scrolls of fog
 h - a scroll of teleportation
 i - 2 scrolls of enchant weapon {unknown}
 l - a scroll of magic mapping
 m - a scroll of blinking {unknown}
 n - a scroll of enchant armour
 p - 3 scrolls of immolation
 r - a scroll of fear
Potions
 d - 3 potions of might
 j - 2 potions of curing
 o - 3 potions of brilliance {unknown}
 s - a potion of cancellation {unknown}


   Skills:
 + Level 3.9 Fighting
 + Level 3.7 Maces & Flails
 + Level 3.2 Armour
 + Level 0.6 Dodging
 + Level 3.2 Shields


You had 4 spell levels left.
You didn't know any spells.
Your spell library contained the following spells:

 Spells                   Type           Power      Damage    Failure   Level
 Blink                    Tloc           0%         N/A       92%         2
 Corpse Rot               Necr/Air       0%         N/A       92%         2
 Poisonous Vapours        Pois/Air       0%         N/A       92%         2
 Scorch                   Fire           0%         2d5       92%         2
 Lesser Beckoning         Tloc           0%         N/A       99%         3
 Flame Wave               Conj/Fire      0%         2d4       100%        4
 Manifold Assault         Tloc           0%         N/A       100%        5
 Summon Cactus Giant      Summ           0%         N/A       100%        6


Dungeon Overview and Level Annotations

Branches:
Dungeon (4/15)
 Temple: D:4-7

Altars:
Hepliaklqana
Nemelex Xobeh


Innate Abilities, Weirdness & Mutations

You are completely covered in rugged brown scales. (AC +3, +7% HP)
You have supernaturally acute eyesight. (SInv)
Armour fits poorly on your strangely shaped body.
You can roll at nearby foes to attack.
You have a long armoured tail.


Message History

The hobgoblin is severely wounded.
The hobgoblin barely misses you.
There are monsters nearby!
There are monsters nearby!
You barely miss the hobgoblin.
The hobgoblin is severely wounded.
The hobgoblin hits you but does no damage.
You block the hobgoblin's attack.
You sock the hobgoblin!
You kill the hobgoblin!
The goblin unwields a +0 hunting sling.
The goblin wields a +0 dagger.
The goblin hits you but does no damage. You block the goblin's attack.
A goblin is nearby!
A goblin is nearby!
You sock the goblin!
You kill the goblin!
g - 3 scrolls of fog (gained 2)
You see here a hobgoblin corpse.
No target in view!
Things that are here:
a +0 dagger; a +0 hunting sling; a goblin corpse No target in view!
There is an open door here.
An ogre comes into view. It is wielding a +0 giant spiked club.
There is an open door here.
An ogre is nearby!
An ogre is nearby!
You barely miss the ogre. You tail-slap the ogre!
The ogre is moderately wounded.
You block the ogre's attack.
An ogre is nearby!
You sock the ogre! You tail-slap the ogre.
The ogre is severely wounded.
The ogre hits you with a +0 giant spiked club!
An ogre is nearby!
You thump the ogre!
The ogre is almost dead.
The ogre hits you with a +0 giant spiked club!!
Ouch! That really hurt!
You die...

#########
########........#######
.......#........#.....#
.......#........#.....#
.......#........#.....#
.......#........@O....#
.......#........#.....#
.......#........#.....#
##...###........#.....#
###'##........###.....#
.....#........'.......#
.....#........#.......#
.....#........#.......#
.....#........#.......


You could see an ogre.

Vanquished Creatures
  An iguana (D:3)
  Robin (D:4)
  5 adders
  2 worms (D:3)
  A dart slug (D:4)
  2 orcs (D:3)
  6 ball pythons
  6 bats
  7 endoplasms
  4 giant cockroaches
  20 goblins
  12 hobgoblins
  2 quokkas
  5 frilled lizards
  8 kobolds
  11 rats
93 creatures vanquished.

Vanquished Creatures (others)
  10 plants (D:3)
10 creatures vanquished.

Grand Total: 103 creatures vanquished

Notes
Turn   | Place    | Note
-------+----------+-------------------------------------------
     0 | D:1      | marklar909 the Palentonga Fighter began the quest for the
                  | Orb.
     0 | D:1      | Reached XP level 1. HP: 19/19 MP: 1/1
   345 | D:1      | Reached XP level 2. HP: 25/25 MP: 2/2
   860 | D:1      | Found a faded altar of an unknown god.
  1145 | D:2      | Reached XP level 3. HP: 31/31 MP: 3/3
  1359 | D:2      | Found a sparkling altar of Nemelex Xobeh.
  2173 | D:3      | Reached XP level 4. HP: 27/37 MP: 4/4
  3049 | D:3      | Found a hazy altar of Hepliaklqana.
  3851 | D:4      | Reached XP level 5. HP: 33/44 MP: 5/5
  4212 | D:4      | Identified the +2 helmet of Theory {rF+ rN+ Will- rCorr}
  4212 | D:4      | Noticed Robin
  4233 | D:4      | Killed Robin
  4560 | D:4      | Noticed an ogre
  4564 | D:4      | Slain by an ogre

Illustrated notes

Levels and vault maps discovered:
D:1:      eino_arrival_cavern_e, layout_loops_corners,
          dreamdust_ecumenical_altar_angels_and_demons, minmay_door_square,
          minmay_tromino_v7
D:2:      layout_basic, serial_forest, infiniplex_forest_lined_3,
          infiniplex_forest_clump_medium, infiniplex_forest_straight_1,
          infiniplex_forest_end_double, infiniplex_forest_straight_3,
          infiniplex_forest_lined_2, infiniplex_forest_clump_long,
          infiniplex_forest_clump_cross, infiniplex_forest_straight_1,
          infiniplex_forest_clump_small, basic_altar, hangedman_decor_growths,
          kennysheep_path_1
D:3:      layout_basic, worldfamousw_hep_ancestral_shrine, st_stairs_4,
          fountainhead, lexackson_kobold_supper
D:4:      layout_gridville, minmay_liquid_box, st_stairs_3, uniq_robin

Skill      XL: |  1  2  3  4 |
---------------+-------------+-----
Shields        | 3 |  3.2
Maces & Flails | 3 |  3.7
Armour         | 3 |  3.2
Fighting       | |  3.9
Dodging        | |  0.6

Action                   |  1- 3 |  4- 6 || total
-------------------------+-------+-------++-------
Melee: Flail             |   121 |   146 ||   267
       Tailslap          |    12 |    16 ||    28
  Use: Scroll            |       |     7 ||     7
       Potion            |       |     1 ||     1
Armor: Scale mail        |    67 |    83 ||   150
Dodge: Dodged            |    53 |    63 ||   116
Block: Buckler           |    23 |    40 ||    63

Table legend: (Time is in decaauts)
 A = Elapsed time spent in this place.
 B = Non-inter-level travel time spent in this place.
 C = Inter-level travel time spent in this place.
 D = Time resting spent in this place.
 E = Time spent auto-exploring this place.
 F = Levels seen in this place.
 G = Mean time per level.
                   A        B        C        D        E       F      G
               +--------+--------+--------+--------+--------+-----+--------+
         Total |   4646 |   4388 |    258 |    568 |   3088 |   4 | 1161.5 |
       Dungeon |   4646 |   4388 |    258 |    568 |   3088 |   4 | 1161.5 |
               +--------+--------+--------+--------+--------+-----+--------+

Top non-repeatable levels by time:
     D:3: 1659 daAuts
     D:2: 1171 daAuts
     D:1: 1158 daAuts
     D:4: 657 daAuts
